 Dungeon Crawl Stone Soup version 0.21-a0-538-gd16b88a (webtiles) character file.

49 Lasiace the Cudgeler (level 3, -2/37 HPs)
             Began as an Ogre Gladiator on Dec 15, 2017.
             Killed from afar by an orc wizard (7 damage)
             ... with a puff of flame
             ... on level 3 of the Dungeon.
             The game lasted 00:03:35 (918 turns).

Lasiace the Cudgeler (Ogre Gladiator)                Turns: 918, Time: 00:03:35

Health: -2/37      AC:  3    Str: 18    XL:     3   Next: 77%
Magic:  3/3        EV: 10    Int:  9    God:
Gold:   41         SH:  0    Dex: 11    Spells: 2/2 levels left

rFire    . . .     SeeInvis .   a - +0 flail
rCold    . . .     Gourm    .   (no shield)
rNeg     . . .     Faith    .   d - +0 robe
rPois    .         Spirit   .   D - +0 hat
rElec    .         Reflect  .   (no cloak)
rCorr    .         Harm     .   (gloves unavailable)
MR       .....                  (boots unavailable)
Stlth    +.........             (no amulet)
HPRegen  0.12/turn              (no ring)
MPRegen  0.08/turn              (no ring)

@: confused
A: large, unfitting armour, tough skin 1
a: no special abilities


You were on level 3 of the Dungeon.
You were not hungry.

You visited 1 branch of the dungeon, and saw 3 of its levels.

You collected 41 gold pieces.

Inventory:

Hand Weapons
 a - a +0 flail (weapon)
Missiles
 b - 3 throwing nets {=f !f}
 i - 2 stones (quivered) {@Q0}
Armour
 d - a +0 robe (worn)
 D - a +0 hat (worn)
Scrolls
 g - 3 scrolls of identify {unknown}
 j - a scroll of remove curse {unknown}
Potions
 e - 2 potions of curing {@q2}
 h - a potion of ambrosia {unknown}
Comestibles
 f - 2 bread rations


   Skills:
 + Level 3.4 Fighting
 * Level 3.5 Maces & Flails
 - Level 2.0 Throwing
 + Level 3.1 Dodging


You had 2 spell levels left.
You didn't know any spells.

Dungeon Overview and Level Annotations

Branches:
Dungeon (3/15)

Altars:

Annotations:
D:2 Sigmund


Innate Abilities, Weirdness & Mutations

You are too large for most types of armour.
You have tough skin. (AC +1)


Message History

The orc wizard mumbles some strange words.
The orc wizard flickers and vanishes!
Deactivating autopickup; reactivate with Ctrl-A.
You closely miss the orc. The orc closely misses you.
You thump the orc!
You kill the orc!
You hit the orc.
The orc is moderately wounded.
The orc hits you with a club.
* * * LOW HITPOINT WARNING * * *
Unknown command.
Unknown command.
Unknown command.
Unknown command.
You see here a rat corpse.
You are confused.
You bump into the rock wall.
A puff of flame appears from out of thin air!
The puff of flame hits you!
You die...

#########
#.......#
#@#####.# #.# #.#
#.# #.# #†# #.#
#########.# #.#
#.....<.#o#####.#
#.#####.#o.)o.#.#
#.#####.#####.#.#
...........o..#.#


You could see 2 orcs.

Vanquished Creatures
  An adder (D:3)
  A dart slug (D:1)
  2 leopard geckos
  2 orcs (D:3)
  6 bats (D:1)
  2 giant cockroaches (D:1)
  A goblin (D:1)
  3 hobgoblins (D:1)
  4 jackals (D:2)
  3 ball pythons
  4 kobolds (D:1)
  2 rats
31 creatures vanquished.

Notes
Turn   | Place    | Note
-------+----------+-------------------------------------------
     0 | D:1      | Lasiace the Ogre Gladiator began the quest for the Orb.
     0 | D:1      | Reached XP level 1. HP: 22/22 MP: 1/1
    36 | D:1      | Reached XP level 2. HP: 26/31 MP: 2/2
   498 | D:1      | Reached XP level 3. HP: 37/37 MP: 3/3
   728 | D:2      | Noticed Sigmund
   918 | D:3      | Killed from afar by an orc wizard

Vault maps used:
D:1:      saegor_arrival_simple_a, minmay_misc_feat_iff
D:2:      uniq_sigmund, uniq_terence
D:3:      uniq_natasha, uniq_ijyb, uniq_robin

Skill      XL: |  1  2 |
---------------+-------+-----
Fighting       | 3 |  3.4
Maces & Flails | 3 |  3.5
Dodging        | 3 |  3.1
Throwing       | |  2.0

Action                   || total
-------------------------++-------
Melee: Flail             ||    95
Throw: Stone             ||     3
  Use: Potion            ||     1
Armor: Robe              ||    27
Dodge: Dodged            ||    75

Table legend:
 A = Spawn XP
 B = Non-spawn XP
 C = Spawn XP percentage of total XP
 D = Spawn monster count
 E = Non-spawn monster count
 F = Spawn count percentage of total count
 G = Total turns spent on level
                    A         B        C        D         E        F      G
               +---------+---------+-------+---------+---------+-------+---------
         Total |       0 |      71 |   0.0 |       0 |      31 |   0.0 |   918
               +---------+---------+-------+---------+---------+-------+---------
           D:1 |       0 |      37 |   0.0 |       0 |      20 |   0.0 |   627
           D:2 |       0 |      13 |   0.0 |       0 |       7 |   0.0 |   169
           D:3 |       0 |      21 |   0.0 |       0 |       4 |   0.0 |   122
               +---------+---------+-------+---------+---------+-------+---------
